 Dungeon Crawl Stone Soup version 0.30.0-10-gfe55d96785 (webtiles) character file.

Game seed: 11443415056632806210

368 cheesebisquit the Chopper (level 6, -8/55 HPs)
             Began as a Hill Orc Fighter on May 14, 2023.
             Mangled by Blork the orc
             ... wielding a +0 long sword
              (11 damage)
             ... on level 4 of the Dungeon.
             The game lasted 00:09:40 (2754 turns).

cheesebisquit the Chopper (Hill Orc Fighter)        Turns: 2754, Time: 00:09:41

Health: -8/55      AC:  9    Str: 21    XL:     6   Next: 69%
Magic:  6/6        EV:  8    Int:  8    God:
Gold:   225        SH:  4    Dex: 10    Spells: 5/5 levels left

rFire   + . .        r - +0 war axe (venom)
rCold   . . .        c - +0 buckler
rNeg    . . .        v - +0 chain mail
rPois   .            (no helmet)
rElec   .            (no cloak)
rCorr   .            (no gloves)
SInv    .            (no boots)
Will    .....        (no amulet) Stlth
                     l - ring of protection from fire
HPRegen 0.29/turn    (no ring)
MPRegen 0.10/turn

%: no passive effects
@: mighty
A: no striking features
a: no special abilities


You were on level 4 of the Dungeon.
You visited 1 branch of the dungeon, and saw 4 of its levels.

You collected 225 gold pieces.

Inventory:

Hand Weapons
 r - a +0 war axe of venom (weapon)
Missiles
 m - 10 boomerangs (quivered)
 u - 11 poisoned darts
Armour
 c - a +0 buckler (worn)
 n - the +2 robe of Yredelemnul {Int+5 Dex+3 SInv}
   (You found it on level 2 of the Dungeon)

   Int:       It affects your intelligence (+5).
   Dex:       It affects your dexterity (+3).
   SInv:      It lets you see invisible.
 v - a +0 chain mail (worn)
Jewellery
 l - a ring of protection from fire (left hand)
Scrolls
 a - a scroll of poison {unknown}
 e - 2 scrolls of silence
 g - a scroll of fear {unknown}
 h - a scroll of blinking {unknown}
 j - a scroll of teleportation
 o - a scroll of vulnerability {unknown}
 p - a scroll of identify
 q - a scroll of immolation {unknown}
 s - a scroll of fog {unknown}
Potions
 d - 2 potions of might
 f - a potion of flight {unknown}
 i - a potion of attraction {unknown}
 k - 3 potions of resistance
 t - a potion of heal wounds {unknown}


   Skills:
 + Level 4.9 Fighting
 * Level 5.6 Axes
 + Level 4.3 Armour
 + Level 1.9 Dodging
 + Level 2.1 Stealth
 - Level 3.2 Shields


You had 5 spell levels left.
You didn't know any spells.
Your spell library contained the following spells:

 Spells                   Type           Power      Damage    Failure   Level
 Scorch                   Fire           0%         2d5       99%         2
 Call Canine Familiar     Summ           0%         N/A       100%        3
 Portal Projectile        Hex/Tloc       0%         N/A       100%        3
 Flame Wave               Conj/Fire      0%         2d4       100%        4
 Leda's Liquefaction      Hex/Erth       0%         N/A       100%        4
 Summon Cactus Giant      Summ           0%         N/A       100%        6


Dungeon Overview and Level Annotations

Branches:
Dungeon (4/15)
 Temple: D:4-7

Altars:
Cheibriados
Yredelemnul

Shops:
D:2 =

Annotations:
D:2 1 runed translucent door, Crazy Yiuf
D:4 Blork the orc, Menkaure


Message History

The adder bites you but does no damage.
You slash the adder!
You kill the adder!
You closely miss the gnoll. You block the gnoll's attack.
The gnoll hits you from afar with a +0 halberd.
The gnoll hits you but does no damage. x2; The gnoll barely misses you. x2
You hit the gnoll.
The gnoll is poisoned.
The gnoll is lightly wounded.
The gnoll barely misses you. The gnoll hits you but does no damage.
The gnoll barely misses you.
You hit the gnoll.
The gnoll looks as sick as possible!
The gnoll is moderately wounded.
The gnoll hits you but does no damage. The gnoll barely misses you.
The gnoll misses you.
You barely miss the gnoll.
The gnoll is heavily wounded.
The gnoll barely misses you.
The gnoll hits you but does no damage. x2
You block the gnoll's attack.
The gnoll hits you from afar with a +0 spear.
The gnoll closely misses you. Menkaure hits you!
You feel very mighty all of a sudden.
You kill the gnoll!
Blork the orc barely misses you. The gnoll hits you but does no damage.
You block the gnoll's attack.
You barely miss Menkaure. You slash Blork the orc!
Blork the orc hits you with a +0 long sword!
* * * LOW HITPOINT WARNING * * *
Menkaure hits you but does no damage. The gnoll barely misses you. x2
Blork the orc hits you but does no damage.
You slash Menkaure!
Menkaure is heavily damaged.
You hit Blork the orc.
Blork the orc is poisoned.
Blork the orc hits you with a +0 long sword.
* * * LOW HITPOINT WARNING * * *
Menkaure casts a spell at you.
You barely resist. The gnoll hits you but does no damage.
The gnoll hits you from afar with a +0 halberd.
* * * LOW HITPOINT WARNING * * *
Blork the orc hits you with a +0 long sword!
You die...

##....#...##....#####
#.........##.....#
#######.##########
#...##########
#...#.☼.§.§###
+...†...._.#A#
#...#.§.§.§###
#...########## ##@##
#.....Mo# #....g.g.
.........>
...........
............
#...........#
###..........


You could see Blork the orc (fast, very poisoned), Menkaure and 2 gnolls.

Vanquished Creatures
  A howler monkey (D:4)
  Terence (D:2)
  Natasha (thrice) (D:2)
  2 orc wizards (D:3)
  A mummy (D:3)
  Robin (D:2)
  2 gnolls (D:4)
  5 adders
  A white imp (D:4)
  An ufetubus (D:4)
  2 worms
  3 dart slugs
  2 orcs
  8 bats
  6 endoplasms
  2 giant cockroaches (D:2)
  16 goblins
  4 hobgoblins
  2 jackals (D:1)
  2 quokkas
  4 ball pythons
  2 frilled lizards
  5 kobolds
  A rat (D:1)
77 creatures vanquished.

Notes
Turn   | Place    | Note
-------+----------+-------------------------------------------
     0 | D:1      | cheesebisquit the Hill Orc Fighter began the quest for the
                  | Orb.
     0 | D:1      | Reached XP level 1. HP: 19/19 MP: 1/1
   109 | D:1      | Reached skill level 3 in Axes
   109 | D:1      | Reached XP level 2. HP: 27/27 MP: 2/2
   661 | D:2      | Identified the +2 robe of Yredelemnul {Int+5 Dex+3 SInv}
   666 | D:2      | Reached XP level 3. HP: 30/33 MP: 3/3
   696 | D:2      | Noticed Robin
   705 | D:2      | Killed Robin
   706 | D:2      | Reached skill level 1 in Stealth
   816 | D:2      | Reached XP level 4. HP: 40/40 MP: 4/4
  1021 | D:2      | Noticed Natasha
  1030 | D:2      | Killed Natasha
  1031 | D:2      | Reached skill level 4 in Axes
  1031 | D:2      | Reached skill level 1 in Dodging
  1066 | D:2      | Noticed Natasha
  1070 | D:2      | Killed Natasha
  1135 | D:2      | Reached XP level 5. HP: 46/46 MP: 5/5
  1163 | D:2      | Noticed Terence
  1172 | D:2      | Killed Terence
  1369 | D:2      | Found Putock's Jewellery Boutique.
  1401 | D:2      | Noticed Natasha
  1409 | D:2      | Killed Natasha
  1619 | D:2      | Found a runed translucent door.
  1620 | D:2      | Noticed Crazy Yiuf
  1723 | D:3      | Found a snail-covered altar of Cheibriados.
  1734 | D:3      | Reached skill level 5 in Axes
  1806 | D:3      | Reached XP level 6. HP: 45/53 MP: 6/6
  2720 | D:4      | Found a basalt altar of Yredelemnul.
  2732 | D:4      | Noticed a profane servitor
  2740 | D:4      | Noticed Blork the orc
  2743 | D:4      | Noticed Menkaure
  2754 | D:4      | Mangled by Blork the orc

Illustrated notes

Levels and vault maps discovered:
D:1:      spicycebolla_green_bress_n_ham, layout_rooms,
          minmay_misc_feat_enclosed
D:2:      cheibrodos_old_hovel, layout_loops_ring, serial_shops,
          nicolae_diamond_shop, uniq_terence, uniq_robin, uniq_natasha,
          uniq_crazy_yiuf_cottage
D:3:      layout_loops_corners, slow_altar_1
D:4:      layout_cave_pools, grunt_temple_overflow_holy_war, lemuel_round_altar,
          cheibrodos_sewer_entry_bend, hangedman_abyss_or_decor_lesser_grid,
          uniq_blork_the_orc, uniq_menkaure

Skill      XL: |  1  2  3  4  5  6 |
---------------+-------------------+-----
Axes           | 3 4 5 |  5.6
Fighting       | 4 |  4.9
Stealth        | 1 2 |  2.1
Dodging        | 1 |  1.9
Armour         | 4 |  4.3
Shields        | |  3.2

Action                     |  1- 3 |  4- 6 || total
---------------------------+-------+-------++-------
  Melee: War axe           |    65 |   124 ||   189
  Throw: Boomerang         |    29 |    27 ||    56
    Use: Potion            |       |     2 ||     2
         Scroll            |       |     3 ||     3
 Armour: Scale mail        |    30 |    43 ||    73
         Chain mail        |       |    37 ||    37
  Dodge: Dodged            |    25 |    51 ||    76
  Block: Buckler           |    13 |    24 ||    37
